 Dungeon Crawl Stone Soup version 0.19.0-19-g8c6edcc (webtiles) character file.

11300 tboon the Blocker (level 11, -1/102 HPs)
             Began as a Minotaur Fighter on Nov 15, 2016.
             Was a High Priest of Okawaru.
             Slain by a blink frog (11 damage)
             ... on level 1 of the Lair of Beasts.
             The game lasted 00:21:30 (8720 turns).

tboon the Blocker (Minotaur Fighter)                Turns: 8720, Time: 00:21:31

Health: -1/102     AC: 20    Str: 26    XL:     11   Next: 47%
Magic:  11/11      EV:  7    Int:  7    God:    Okawaru [*****.]
Gold:   596        SH: 13    Dex: 11    Spells: 0 memorised, 10 levels left

rFire  . . .     SeeInvis .     a - +0 war axe
rCold  . . .     Gourm    .     n - +0 plate armour
rNeg   . . .     Faith    .     c - +0 shield
rPois  .         Spirit   .     (helmet restricted)
rElec  .         Reflect  .     s - +1 cloak
rCorr  +         Harm     .     A - +1 pair of gloves
MR     .....                    (no boots)
Stlth  ..........               (no amulet)
                                t - +5 ring of strength
                                b - ring of resist corrosion

@: no status effects
A: retaliatory headbutt, horns 2
a: Heroism, Finesse, Renounce Religion


You were on level 1 of the Lair of Beasts.
You worshipped Okawaru.
Okawaru was extremely pleased with you.
You were not hungry.

You visited 3 branches of the dungeon, and saw 11 of its levels.

You collected 596 gold pieces.

Inventory:

Hand Weapons
 a - a +0 war axe (weapon)
 I - a +0 war axe
   (You took it off an orc warrior on level 8 of the Dungeon)
 K - a +0 war axe
   (You found it on level 9 of the Dungeon)
Missiles
 B - 2 curare-tipped needles
Armour
 c - a +0 shield (worn)
 n - a +0 plate armour (worn)
   (You found it on level 2 of the Dungeon)
 s - a +1 cloak (worn)
   (You took it off Crazy Yiuf on level 5 of the Dungeon)
 A - a +1 pair of gloves (worn)
   (You found it on level 8 of the Dungeon)
Magical Staves
 G - an uncursed staff of cold {rC+}
   (You took it off Fannar on level 1 of the Lair of Beasts)
Jewellery
 b - a ring of resist corrosion (left hand)
   (You found it on level 2 of the Dungeon)
 t - a +5 ring of strength (right hand)
   (You found it on level 3 of the Dungeon)
Wands
 d - a wand of iceblast (6/15)
   (You found it on level 3 of the Dungeon)
 w - a wand of flame (30/48)
   (You found it on level 6 of the Dungeon)
 C - a wand of lightning (3/15)
   (You found it on level 7 of the Dungeon)
 E - a wand of confusion (28/48)
   (You found it on level 7 of the Dungeon)
 N - a wand of disintegration (13/24)
   (You found it on level 9 of the Dungeon)
Scrolls
 e - a scroll of enchant armour
 j - 4 scrolls of remove curse
 k - 4 scrolls of identify
 l - a scroll of fog {unknown}
 o - a scroll of magic mapping {unknown}
 p - a scroll of noise {unknown}
 q - a scroll of immolation {unknown}
 v - a scroll of teleportation {unknown}
 y - a scroll of fear {unknown}
 D - a scroll of amnesia {unknown}
 H - a scroll of enchant weapon {unknown}
 L - a scroll of summoning {unknown}
Potions
 g - a potion of haste
 i - 2 potions of curing
 m - a potion of flight
 r - a potion of brilliance
 x - a potion of ambrosia
 O - a potion of cure mutation {unknown}
Comestibles
 f - 5 bread rations
 h - 12 fruits
 u - a slice of pizza
 z - 4 beef jerkies
 F - a meat ration
 J - 22 royal jellies
 M - 4 chunks of flesh


   Skills:
 + Level 11.4 Fighting
 + Level 10.8 Axes
 + Level 11.2 Armour
 + Level 11.6 Shields
 + Level 2.4 Invocations


You had 10 spell levels left.
You didn't know any spells.

Dungeon Overview and Level Annotations

Branches:
Dungeon (9/15)             Temple (1/1) D:7            Lair (1/6) D:9
    Orc: D:9-12

Altars:
Ashenzari
Cheibriados
Elyvilon
Fedhas
Gozag
Hepliaklqana
Kikubaaqudgha
Makhleb
Nemelex Xobeh
Okawaru
Qazlal
Ru
Sif Muna
Trog
Uskayaw
Vehumet
Xom
Yredelemnul
The Shining One


Innate Abilities, Weirdness & Mutations

You reflexively headbutt those who attack you in melee.
You have a pair of horns on your head.


Message History

* * * LOW HITPOINT WARNING * * *
Fannar says, "Freeze!"
You block Fannar's attack.
You slash Fannar! You headbutt Fannar.
Fannar is lightly wounded.
You barely miss the ice beast.
The ice beast hits you but does no damage.
You block Fannar's attack.
You hit Fannar.
Fannar is lightly wounded.
You slash the ice beast! You block the ice beast's attack.
Fannar hits you with a staff of cold.
* * * LOW HITPOINT WARNING * * *
You gain the combat prowess of a mighty hero.
The ice beast hits you but does no damage.
You barely miss Fannar. You headbutt Fannar, but do no damage.
Fannar is lightly wounded.
You slash the ice beast!
You kill the ice beast!
You block Fannar's attack.
You slice Fannar!! Your headbutt misses Fannar.
Fannar is heavily wounded.
Fannar gestures at you while chanting. The bolt of cold hits you!
* * * LOW HITPOINT WARNING * * *
You slash Fannar! You headbutt Fannar, but do no damage.
Fannar is severely wounded.
Fannar hits you with a staff of cold.
* * * LOW HITPOINT WARNING * * *
You cut Fannar into ribbons!!!
You kill Fannar!
Okawaru is honoured by your kill.
You can now speed up your combat.
G - a staff of cold {rC+}
Things that are here:
a robe of cold resistance; the elf corpse of Fannar You butcher the elf corpse of Fannar.
M - 7 chunks of flesh (gained 4)
Things that are here:
a robe of cold resistance; the elf skeleton of Fannar
O - a sedimented pink potion
Items here: ) [ ††††† You start resting.
Some of the chunks of flesh in your inventory have rotted away.
A blink frog comes into view.
You start resting.
Magic restored.
You feel like a meek peon again.
You start resting.
A basilisk comes into view.
The basilisk hisses angrily.
The basilisk hisses menacingly.
A blink frog comes into view.
The blink frog croaks.
You slash the basilisk! Your headbutt misses the basilisk.
The basilisk is moderately wounded.
The basilisk gazes at you. You resist with some effort.
A blink frog comes into view.
The blink frog croaks.
You slice the basilisk!!
You kill the basilisk!
Okawaru accepts your kill.
The blink frog blinks! 2 blink frogs come into view.
The blink frog croaks.
The blink frog moves out of view.
The blink frog blinks!
You see here a basilisk corpse.
You start resting.
You miss the blink frog. Your headbutt misses the blink frog.
You feel a little less mighty now. The blink frog hits you.
* * * LOW HITPOINT WARNING * * *
You completely miss the blink frog.
Your plate armour prevents you from hitting the blink frog.
You block the blink frog's attack. x2
You barely miss the blink frog. You headbutt the blink frog!
The blink frog is heavily wounded.
You closely miss the blink frog. You hit the blink frog.
The blink frog barely misses you.
The blink frog hits you but does no damage.
The blink frog hits you!
* * * LOW HITPOINT WARNING * * *
The blink frog hits you but does no damage.
You barely miss the blink frog. Your headbutt misses the blink frog.
The blink frog is lightly wounded.
You closely miss the blink frog. You miss the blink frog.
You block the blink frog's attack. x2; The blink frog blinks!
The blink frog hits you but does no damage.
You barely miss the blink frog. Your headbutt misses the blink frog.
You slash the blink frog! The blink frog closely misses you.
You block the blink frog's attack.
The blink frog blinks!
You closely miss the blink frog.
You headbutt the blink frog, but do no damage.
The blink frog is heavily wounded.
You hit the blink frog.
You hit the blink frog but do no damage.
You block the blink frog's attack. x3; The blink frog blinks!
You block the blink frog's attack. The blink frog hits you.
* * * LOW HITPOINT WARNING * * *
The blink frog hits you!
You die...

...................#
...................#
...................#
...................#
...................#
...................#
####......###.####.#
.#.....##..### .#
#.....##F@..# #
#......#.F..#
#.....##FF..# .
#.....##§...# ...
#....[#.†...#
.P.P###....†).....#
......F....F#...§.#
............####.##
.........F..# .#


You could see 4 blink frogs.

Vanquished Creatures
  Fannar (Lair:1)
  Harold (Lair:1)
  Erica (Lair:1)
  A hill giant (D:9)
  An ugly thing (D:8)
  2 spiny frogs (Lair:1)
  A troll (D:9)
  A hornet (D:9)
  A queen bee (D:9)
  A two-headed ogre (D:6)
  2 hippogriffs
  A hungry ghost (D:8)
  A basilisk (Lair:1)
  2 yaks (D:9)
  2 soldier ants (D:9)
  A water moccasin (Lair:1)
  2 sky beasts
  5 orc warriors
  An ice beast (D:7)
  5 ogres
  A black bear (D:8)
  4 phantoms
  The ghost of christhawk the Shooter, an amateur CeHu of Okawaru (D:3)
  6 centaurs
  3 crocodiles
  7 big kobolds
  4 bullfrogs
  Blork the orc (D:4)
  4 scorpions
  10 wights
  20 killer bees
  2 howler monkeys (D:9)
  2 crimson imps (D:5)
  2 quasits
  2 centaur zombies
  4 hounds
  2 jellies
  4 orc priests
  Crazy Yiuf (D:5)
  A bullfrog skeleton (D:5)
  8 orc wizards
  A centaur skeleton (D:7)
  2 iguanas
  8 worker ants
  A killer bee zombie (D:8)
  3 hound skeletons
  2 worker ant zombies
  3 gnolls (D:5)
  9 adders
  3 river rats (D:9)
  An ooze (D:3)
  An adder zombie (D:3)
  3 adder skeletons
  2 worms
  A dart slug (D:1)
  4 leopard geckos
  23 orcs
  11 giant cockroaches
  7 goblins
  9 hobgoblins
  9 jackals
  49 kobolds
  3 quokkas
  2 ball pythons
  14 bats
  3 frilled lizards
  A jackal zombie (D:6)
  A quokka skeleton (D:5)
  15 rats
  A spectral orc (D:8)
  2 fungi (D:9)
316 creatures vanquished.

Vanquished Creatures (others)
  An orc (D:8)
  4 fungi (D:9)
  A plant (D:9)
6 creatures vanquished.

Grand Total: 322 creatures vanquished

Notes
Turn   | Place    | Note
-------+----------+-------------------------------------------
     0 | D:1      | tboon the Minotaur Fighter began the quest for the Orb.
     0 | D:1      | Reached XP level 1. HP: 19/19 MP: 0/0
   153 | D:1      | Reached skill level 4 in Fighting
   155 | D:1      | Reached XP level 2. HP: 22/27 MP: 1/1
   282 | D:1      | Reached skill level 4 in Shields
   310 | D:1      | Reached XP level 3. HP: 33/33 MP: 2/2
   579 | D:2      | Reached skill level 4 in Armour
   998 | D:2      | Found a white marble altar of Elyvilon.
  1109 | D:2      | Found a glowing golden altar of the Shining One.
  1325 | D:3      | Found a deep blue altar of Sif Muna.
  1333 | D:3      | Reached skill level 3 in Axes
  1335 | D:3      | Noticed christhawk's ghost (amateur CeHu)
  1340 | D:3      | Killed christhawk's ghost
  1340 | D:3      | Reached XP level 4. HP: 41/41 MP: 3/3
  1400 | D:3      | Reached XP level 5. HP: 46/47 MP: 4/4
  1934 | D:4      | Reached skill level 4 in Axes
  1934 | D:4      | Reached skill level 5 in Shields
  1946 | D:4      | Noticed Blork the orc
  1951 | D:4      | Reached skill level 5 in Fighting
  1965 | D:4      | Killed Blork the orc
  1965 | D:4      | Reached skill level 5 in Armour
  1965 | D:4      | Reached XP level 6. HP: 56/56 MP: 5/5
  2136 | D:4      | Found a blossoming altar of Fedhas.
  2590 | D:4      | Reached XP level 7. HP: 39/62 MP: 6/6
  2825 | D:5      | Entered Level 5 of the Dungeon
  2829 | D:5      | Reached skill level 5 in Axes
  2829 | D:5      | Reached skill level 6 in Shields
  2872 | D:5      | Reached skill level 6 in Fighting
  2888 | D:5      | Reached skill level 6 in Armour
  2954 | D:5      | Found a hide-covered altar of Uskayaw.
  2979 | D:5      | Found a runed door.
  3254 | D:5      | Found a radiant altar of Vehumet.
  3445 | D:5      | Reached XP level 8. HP: 69/71 MP: 7/7
  3540 | D:5      | Reached skill level 7 in Fighting
  3540 | D:5      | Reached skill level 6 in Axes
  3542 | D:5      | Reached skill level 7 in Shields
  3546 | D:5      | Reached skill level 7 in Armour
  3914 | D:5      | Found a snail-covered altar of Cheibriados.
  4126 | D:5      | Noticed Crazy Yiuf
  4131 | D:5      | Killed Crazy Yiuf
  4286 | D:6      | Found an opulent altar of Gozag.
  4391 | D:6      | Found a bloodstained altar of Trog.
  4590 | D:6      | Noticed a two-headed ogre
  4599 | D:6      | Killed a two-headed ogre
  4599 | D:6      | Reached skill level 8 in Fighting
  4599 | D:6      | Reached skill level 7 in Axes
  4599 | D:6      | Reached skill level 8 in Armour
  4599 | D:6      | Reached skill level 8 in Shields
  4599 | D:6      | Reached XP level 9. HP: 80/81 MP: 8/8
  5191 | D:7      | Found a staircase to the Ecumenical Temple.
  5202 | Temple   | Entered the Ecumenical Temple
  5227 | Temple   | Became a worshipper of Warmaster Okawaru
  5335 | D:7      | Reached skill level 8 in Axes
  5335 | D:7      | Reached skill level 9 in Shields
  5337 | D:7      | Reached skill level 9 in Fighting
  5437 | D:7      | Reached skill level 9 in Armour
  5568 | D:7      | Found a hazy altar of Hepliaklqana.
  6049 | D:8      | Reached * piety under Okawaru
  6096 | D:8      | Found a blossoming altar of Fedhas.
  6146 | D:8      | Reached XP level 10. HP: 78/91 MP: 9/9
  6231 | D:8      | Found a sparkling altar of Nemelex Xobeh.
  6247 | D:8      | Noticed a cyan ugly thing
  6271 | D:8      | Killed a cyan ugly thing
  6523 | D:8      | Reached skill level 9 in Axes
  6523 | D:8      | Reached skill level 10 in Shields
  6629 | D:8      | Found a basalt altar of Yredelemnul.
  6812 | D:9      | Reached skill level 10 in Fighting
  7031 | D:9      | Reached skill level 10 in Armour
  7162 | D:9      | Reached ** piety under Okawaru
  7353 | D:9      | HP: 23/94 [poisoned by a killer bee]
  7359 | D:9      | HP: 19/94 [poisoned by a killer bee]
  7395 | D:9      | HP: 21/94 [killer bee (6)]
  7399 | D:9      | Reached skill level 10 in Axes
  7755 | D:9      | Reached *** piety under Okawaru
  7948 | D:9      | Noticed a hill giant
  7955 | D:9      | Killed a hill giant
  7955 | D:9      | Reached skill level 11 in Shields
  7955 | D:9      | Reached XP level 11. HP: 68/101 MP: 7/10
  8105 | D:9      | Found a staircase to the Lair.
  8147 | D:9      | Found a shimmering altar of Xom.
  8345 | D:9      | Reached skill level 11 in Fighting
  8381 | Lair:1   | Entered Level 1 of the Lair of Beasts
  8421 | Lair:1   | Noticed Harold
  8438 | Lair:1   | Killed Harold
  8438 | Lair:1   | Reached skill level 1 in Invocations
  8621 | Lair:1   | Noticed Erica
  8625 | Lair:1   | Noticed Fannar
  8627 | Lair:1   | Reached **** piety under Okawaru
  8630 | Lair:1   | Reached skill level 11 in Armour
  8637 | Lair:1   | Killed Erica
  8637 | Lair:1   | Reached skill level 2 in Invocations
  8662 | Lair:1   | HP: 23/102 [Fannar/staff of cold (4)]
  8667 | Lair:1   | Killed Fannar
  8667 | Lair:1   | Reached ***** piety under Okawaru
  8714 | Lair:1   | HP: 23/102 [blink frog (2)]
  8719 | Lair:1   | HP: 10/102 [blink frog (4)]
  8720 | Lair:1   | Slain by a blink frog

Skill      XL: |  1  2  3  4  5  6  7  8  9 10 11 |
---------------+----------------------------------+-----
Fighting       | 4 5 6 8 9 10 11 | 11.4
Shields        | 4 5 6 8 9 11 | 11.6
Armour         | 4 5 6 8 9 10 11 | 11.2
Axes           | 3 4 5 7 8 10 | 10.8
Invocations    | 2 |  2.4

Action                   |  1- 3 |  4- 6 |  7- 9 | 10-12 || total
-------------------------+-------+-------+-------+-------++-------
Melee: War axe           |    77 |   112 |   350 |   432 ||   971
       Headbutt          |    11 |    15 |    75 |    83 ||   184
Invok: Heroism           |       |       |       |     7 ||     7
  Use: Potion            |     1 |       |     1 |     5 ||     7
       Scroll            |       |     4 |     7 |       ||    11
  Eat: Chunk             |       |     6 |    10 |     6 ||    22
       Pizza             |       |       |     1 |     1 ||     2
       Bread ration      |       |       |       |     1 ||     1
Armor: Scale mail        |    21 |       |       |       ||    21
       Plate armour      |    16 |    65 |   191 |   200 ||   472
Dodge: Dodged            |    22 |    24 |    90 |   104 ||   240
Block: Shield            |    37 |    76 |   272 |   273 ||   658

Vault maps used:
D:1:      lightli_arrival_noodles, minmay_misc_feat_plants, interstate_on_off
D:2:      nicolae_overflow_hidden_temple, lemuel_round_altar,
          grunt_decor_resistance
D:3:      old_standard_altar
D:4:      fedhas_altar_3, uniq_blork_the_orc
D:5:      minmay_goblin_kobold_castle, vehumet_crystals, lemuel_crystal_altar,
          first_bread, basic_altar, kennysheep_nondescript,
          uniq_crazy_yiuf_cottage
D:6:      overflow_temple_1_default, trog_book
D:7:      lemuel_round_altar, hangedman_decor_points
D:8:      yredelemnul_forgotten_temple_becter, nemelex_altar_shiori,
          minmay_ruined_shrine
D:9:      xom_butterflies, grunt_lair_entry_orc_guard_hut, special_room,
          hangedman_pestilent_swarm
Temple:   jpeg_temple_island
Lair:1:   minmay_guarded_unrand_snakebite, st_stairs_9, serial_bayou_shore_b,
          infiniplex_staircase_pool_2, lemuel_fruit_tree, uniq_erica,
          uniq_harold, uniq_fannar

Table legend:
 A = Turns spent in this place as a percentage of turns spent in the entire game.
 B = Non-inter-level travel turns spent in this place as a percentage of non-inter-level travel turns spent in the entire game.
 C = Inter-level travel turns spent in this place as a percentage of turns spent in this place.
 D = Turns resting spent in this place as a percentage of non-inter-level travel turns spent in this place.
 E = Turns spent auto-exploring this place as a percentage of non-inter-level travel turns spent in this place.
 F = Non-inter-level travel turns spent in this place divided by the number of levels of this place that you've seen.
                   A       B       C       D       E      F
               +-------+-------+-------+-------+-------+----------------------
         Total | 100.0 | 100.0 |   0.5 |   2.5 |  10.3 | 210.2
       Dungeon |  93.5 |  93.5 |   0.5 |   2.2 |  10.5 | 240.1
        Temple |   0.4 |   0.3 |  11.1 |   0.0 |  25.0 |   8.0
          Lair |   6.2 |   6.2 |   0.0 |   6.3 |   5.6 | 143.0
               +-------+-------+-------+-------+-------+----------------------

Table legend:
 A = Kills in this place as a percentage of kills in entire the game.
 B = Kills by you in this place as a percentage of kills by you in the entire game.
 C = Kills by friends in this place as a percentage of kills by friends in the entire game.
 D = Other kills in this place as a percentage of other kills in the entire game.
 E = Experience gained in this place as a percentage of experience gained in the entire game.
 F = Experience gained in this place divided by the number of levels of this place that you have seen.
                   A       B       C       D       E      F
               +-------+-------+-------+-------+-------+----------------------
         Total | 100.0 | 100.0 |  -nan |  -nan | 100.0 | 1467.5
       Dungeon |  95.9 |  95.9 |  -nan |  -nan |  74.2 | 1330.8
          Lair |   4.1 |   4.1 |  -nan |  -nan |  25.8 | 4166.0
               +-------+-------+-------+-------+-------+----------------------
